 Dungeon Crawl Stone Soup version 0.22.1-1-ga44c0e5 (webtiles) character file.

98 Wootface the Insei (level 4, -1/35 HPs)
             Began as a Draconian Transmuter on Sept 30, 2018.
             Was a Follower of Vehumet.
             Splashed by a kobold's acid (15 damage)
             ... on level 3 of the Dungeon on Oct 3, 2018.
             The game lasted 00:36:54 (2221 turns).

Wootface the Insei (Draconian Transmuter)           Turns: 2221, Time: 00:37:00

Health: -1/35      AC:  2    Str: 10 (12) XL:     4   Next: 44%
Magic:  2/7        EV: 20    Int: 14      God:    Vehumet [*.....]
Gold:   100        SH:  0    Dex: 15 (17) Spells: 3/7 levels left

rFire    . . .     SeeInvis .     - Unarmed
rCold    . . .     Gourm    .   (shield currently unavailable)
rNeg     . . .     Faith    .   (armour unavailable)
rPois    x         Spirit   .   (helmet currently unavailable)
rElec    .         Reflect  .   (cloak currently unavailable)
rCorr    .         Harm     .   (gloves currently unavailable)
MR       .....                  (boots currently unavailable)
Stlth    ++........             (no amulet)
HPRegen  0.11/turn              (no ring)
MPRegen  0.10/turn              (no ring)

@: spider-form
A: tiny, unfitting armour, AC +5
a: End Transformation, Renounce Religion


You were on level 3 of the Dungeon.
You worshipped Vehumet.
Vehumet was aware of your devotion.
You were hungry.
You were a venomous arachnid creature.
You visited 1 branch of the dungeon, and saw 3 of its levels.

You collected 100 gold pieces.

Inventory:

Hand Weapons
 b - a cursed -2 short sword (melded)
Missiles
 a - 12 arrows
 f - 142 stones (quivered)
 x - 19 sling bullets
 B - 24 bolts
Armour
 r - a +1 pair of gloves (melded)
Scrolls
 m - a scroll of magic mapping {unknown}
 s - 2 scrolls of blinking {unknown}
Potions
 e - a potion of berserk rage {unknown}
 q - a potion of lignification {unknown}
 w - a potion of agility {unknown}
 D - a potion of curing
Comestibles
 c - 3 rations
 G - 2 chunks of flesh


   Skills:
 + Level 1.5 Fighting
 - Level 0.6 Short Blades
 + Level 2.4 Dodging
 + Level 0.8 Stealth
 + Level 3.5 Unarmed Combat
 + Level 2.3 Spellcasting
 * Level 2.9 Transmutations
 + Level 0.3 Poison Magic


You had 3 spell levels left.
You knew the following spells:

 Your Spells              Type           Power        Failure   Level  Hunger
a - Beastly Appendage     Tmut           #.....       19%         1    #......
b - Spider Form           Tmut/Pois      #.........   56%         3    ###....

Your spell library contained the following spells:

 Spells                   Type           Power        Failure   Level  Hunger
 Flame Tongue             Conj/Fire      #....        45%         1    #......
 Sticks to Snakes         Tmut           #.......     26%         2    ###....
 Ice Form                 Ice/Tmut       #.......     90%         4    #####..
 Blade Hands              Tmut           #.........   96%         5    ######.


Dungeon Overview and Level Annotations

Branches:
Dungeon (3/15)

Altars:
Ashenzari
Trog
Vehumet
The Shining One


Innate Abilities, Weirdness & Mutations

((Your plain brown scales are hard. (AC +5)))
You cannot fit into any form of body armour.
((You are cold-blooded and may be slowed by cold attacks.))


Message History

You turn into a venomous arachnid creature.
Your cursed -2 short sword melds into your body.
Your +1 pair of gloves melds into your body.
The goblin no longer looks unusually strong. x2
The goblin barely misses you.
A kobold comes into view. It is wielding a club.
The ooze closely misses you.
The kobold shouts!
You hit the ooze.
You kill the ooze!
Vehumet accepts your kill. The goblin misses you.
You bite the hobgoblin!
You kill the hobgoblin!
Vehumet accepts your kill.
The kobold zaps a wand.
The bolt of acid hits the goblin.
The goblin is splashed with acid.
The acid corrodes the goblin!
The goblin dies!
The bolt of acid hits you!
You are splashed with acid!
The acid burns!
You die...

.............?.
#.............#
..............#
#.............#
#......$....#
#....K......#
#....)......#
########)......#
#...../sgg.....#
#.....)†########
#.......#
#...#####
#....###
##.....# ####
#.....## #..#
###....# #..#
#....##


You could see 2 goblins and a kobold.

Vanquished Creatures
  Robin (D:3)
  An adder (D:2)
  3 oozes
  A worm (D:2)
  A dart slug (D:1)
  A leopard gecko (D:1)
  An orc (D:3)
  2 ball pythons
  3 bats
  A giant cockroach (D:2)
  10 goblins
  7 hobgoblins
  7 jackals (D:2)
  7 kobolds
  A quokka (D:2)
  4 frilled lizards
  5 rats
56 creatures vanquished.

Vanquished Creatures (others)
  A goblin (D:3)
1 creature vanquished.

Grand Total: 57 creatures vanquished

Notes
Turn   | Place    | Note
-------+----------+-------------------------------------------
     0 | D:1      | Wootface the Draconian Transmuter began the quest for the
                  | Orb.
     0 | D:1      | Reached XP level 1. HP: 16/16 MP: 3/3
   140 | D:1      | Reached XP level 2. HP: 14/23 MP: 5/5
   968 | D:2      | Reached XP level 3. HP: 13/28 MP: 4/6
  1030 | D:2      | Found a radiant altar of Vehumet.
  1052 | D:2      | Found a bloodstained altar of Trog.
  1082 | D:2      | Became a worshipper of Vehumet
  1225 | D:2      | Learned a level 3 spell: Spider Form
  1433 | D:2      | Found a shattered altar of Ashenzari.
  1932 | D:3      | Reached XP level 4. HP: 35/35 MP: 7/7
  1999 | D:3      | Found a glowing golden altar of the Shining One.
  2078 | D:3      | Reached * piety under Vehumet
  2078 | D:3      | Offered knowledge of Flame Tongue by Vehumet.
  2198 | D:3      | Noticed Robin
  2211 | D:3      | Killed Robin
  2221 | D:3      | Splashed by a kobold's acid

Skill      XL: |  1  2 |
---------------+-------+-----
Dodging        | 2 |  2.4
Fighting       | |  1.5
Short Blades   | |  0.6
Stealth        | |  0.8
Unarmed Combat | |  3.5
Spellcasting   | |  2.3
Transmutations | |  2.9
Poison Magic   | |  0.3

Action                   |  1- 3 |  4- 6 || total
-------------------------+-------+-------++-------
Melee: Unarmed           |    17 |    22 ||    39
       Short sword       |   185 |    13 ||   198
       Headbutt          |     9 |     3 ||    12
       Tailslap          |    11 |     1 ||    12
       Punch             |     3 |       ||     3
       Kick              |     4 |       ||     4
 Cast: Beastly Appendage |    29 |     4 ||    33
       Spider Form       |     2 |     3 ||     5
  Use: Potion            |     3 |     1 ||     4
       Scroll            |     2 |       ||     2
  Eat: Chunk             |     1 |     1 ||     2
       Ration            |     1 |       ||     1
Armor: Skin              |    91 |     4 ||    95
Dodge: Dodged            |   184 |    26 ||   210
